 Dungeon Crawl Stone Soup version 0.31-a0-271-gb88eb75e06 (webtiles) character file.

Game seed: 7062539922726601179

1 voltaire321 the Charlatan (level 1, 0/15 HPs)
             Began as a Demonspawn Artificer on July 15, 2023.
             Slain by a hobgoblin (3 damage)
             ... on level 1 of the Dungeon.
             The game lasted 00:00:34 (38 turns).

voltaire321 the Charlatan (Demonspawn Artificer)      Turns: 38, Time: 00:00:34

Health: 0/15       AC:  3    Str: 12    XL:     1   Next: 16%
Magic:  1/1        EV: 11    Int: 12    God:
Gold:   0          SH:  0    Dex: 13    Spells: 0/0 levels left

rFire   . . .        a - +0 club
rCold   . . .        (no shield)
rNeg    . . .        b - +0 leather armour
rPois   .            (no helmet)
rElec   .            (no cloak)
rCorr   .            (no gloves)
SInv    .            (no boots)
Will    .....        (no amulet)
Stlth   +            (no ring)
HPRegen 0.22/turn    (no ring)
MPRegen 0.07/turn

%: no passive effects
@: no status effects
A: no striking features
a: no special abilities


You were on level 1 of the Dungeon.
You visited 1 branch of the dungeon, and saw 1 of its levels.

Inventory:

Hand Weapons
 a - a +0 club (weapon)
Armour
 b - a +0 leather armour (worn)
Wands
 c - a wand of flame (13) (quivered)
 d - a wand of charming (15)
 e - a wand of iceblast (5)
Scrolls
 f - a scroll of teleportation {unknown}


   Skills:
 + Level 1.0 Fighting
 + Level 1.8 Armour
 + Level 0.9 Dodging
 - Level 0.8 Stealth
 + Level 3.0 Evocations


You couldn't memorise any spells.
You didn't know any spells.
Your spell library was empty.

Dungeon Overview and Level Annotations

Branches:
Dungeon (1/15)

Altars:


Message History

You hit the kobold.
The kobold is severely wounded.
The bat hits you but does no damage. The kobold hits you with a +0 club.
You closely miss the kobold.
The kobold is severely wounded.
The kobold barely misses you.
A ball python comes into view.
The bat completely misses you.
The ball python hisses angrily.
You hit the kobold.
You kill the kobold!
The bat hits you but does no damage. x2; The hobgoblin closely misses you.
You barely miss the bat. The bat misses you.
The bat hits you but does no damage. The ball python misses you. x2
The hobgoblin hits you. The bat hits you but does no damage.
You barely miss the ball python. The bat closely misses you. The bat hits you.
The ball python bites you but does no damage.
The ball python grabs you. The ball python constricts you.
The hobgoblin barely misses you. The ball python closely misses you.
The ball python constricts you.
Aiming: Throw Flame
Press: ? - help, Shift-Dir - straight line, f - you That beam is likely to hit you.
Continue anyway?
Okay, then.
There's nothing to close nearby.
Aiming: Throw Flame
Press: ? - help, Shift-Dir - straight line, f - ball python
Aim: a ball python (constricting you, 68% to hit)
The puff of flame hits the ball python.
The ball python is heavily wounded.
The bat hits you but does no damage. The hobgoblin hits you.
* * * LOW HITPOINT WARNING * * *
The ball python completely misses you. The ball python constricts you.
Aiming: Throw Flame
Press: ? - help, Shift-Dir - straight line, f/p - ball python
Aim: a ball python (heavily wounded, constricting you, 68% to hit)
The puff of flame hits the ball python!
You kill the ball python!
The bat closely misses you. The bat misses you. The hobgoblin hits you.
You die...

≈≈≈≈≈≈~~≈~≈.≈~≈≈~≈≈≈~~≈≈#
≈≈≈≈~~.~..~..~≈..~≈...~~#
≈≈≈~≈...................#
≈≈≈~................♣...#
≈≈~....................P#
≈≈~...P..........P.....♣#
≈~~......♣P.P♣♣.##...##P#
≈~....♣.♣#########'''####
≈≈......P# #b@g......#
≈≈≈......# #†##........#
≈≈~.....P# ... .........#
≈~.......#
..##...........#
≈~.....♣♣#..
#..........## ≈≈♣...♣♣ #.
#............ ≈≈♣..P<♣ #
...........## ♣♣♣♣♣♣
.###........#


You could see a hobgoblin and a bat.

Vanquished Creatures
  A ball python (D:1)
  A kobold (D:1)
2 creatures vanquished.

Notes
Turn   | Place    | Note
-------+----------+-------------------------------------------
     0 | D:1      | voltaire321 the Demonspawn Artificer began the quest for
                  | the Orb.
     0 | D:1      | Reached XP level 1. HP: 15/15 MP: 1/1
    38 | D:1      | Slain by a hobgoblin

Illustrated notes

Levels and vault maps discovered:
D:1:      kennysheep_arrival_seaside, layout_basic, minmay_misc_feat_tower

Action                     || total
---------------------------++-------
  Melee: Club              ||     9
  Evoke: Wand              ||     2
 Armour: Leather armour    ||    15
  Dodge: Dodged            ||    17

Table legend: (Time is in decaauts)
 A = Elapsed time spent in this place.
 B = Non-inter-level travel time spent in this place.
 C = Inter-level travel time spent in this place.
 D = Time resting spent in this place.
 E = Time spent auto-exploring this place.
 F = Levels seen in this place.
 G = Mean time per level.
                   A        B        C        D        E       F      G
               +--------+--------+--------+--------+--------+-----+--------+
         Total |     40 |     40 |      0 |      0 |     21 |   1 |   40.0 |
       Dungeon |     40 |     40 |      0 |      0 |     21 |   1 |   40.0 |
               +--------+--------+--------+--------+--------+-----+--------+

Top non-repeatable levels by time:
     D:1: 40 daAuts
